AoeStats
← Tomas18078

MegaRandom

510287004Analyzed
4v4 RM · 20h ago on Sep 30, 2026· 57m 39s· 8 players
Game mode
Random Map
Map size
Large (8 player)
Population
200
Speed
Normal
Resources
Standard
Victory
Conquest
Starting age
Dark Age
Ending age
Imperial Age
RankedLock teamsTeams togetherTeam positionsShared explorationLock speedFull tech treeHidden civsTurbo modeCheats
Victory
Defeat
🇸🇪 Mongols · Sweden
1033
+9
🇨🇳 Spanish · China
1002
+10
🇨🇭 Varangians · Switzerland
925
+13
🇨🇳 Hindustanis · China
795
+17
🇨🇿 Huns · Czechia
894
-14
🇫🇷 Poles · France
858
-12
🇪🇸 Mongols · Spain
849
-12
🇹🇷 Teutons · Türkiye
818
-11
NomadRider5217
0:40 Loom
11:58 Feudal Age
14:26 Double-Bit Axe
15:34 Town Watch
19:04 Gold Mining
19:06 Horse Collar
22:45 Castle Age
23:49 Fletching
23:59 Padded Archer Armor
25:06 Bow Saw
25:10 Heavy Plow
24:48 Crossbowman
27:39 Pikeman
28:20 Squires
29:06 Bodkin Arrow
29:27 Leather Archer Armor
29:13 Scale Mail Armor
30:01 Wheelbarrow
32:41 Chain Mail Armor
32:35 Thumb Ring
33:19 Elite Skirmisher
36:07 Light Cavalry
36:58 Bloodlines
36:48 Husbandry
38:44 Ballistics
47:03 Scale Barding Armor
47:12 Forging
49:32 Iron Casting
49:04 Scale Barding Armor
fer_es_merengue9
7:40 Loom
8:30 Loom
11:05 Feudal Age
12:07 Double-Bit Axe
25:40 Castle Age
24:55 Horse Collar
25:47 Forging
25:34 Fletching
26:46 Husbandry
26:59 Bloodlines
28:50 Town Watch
32:01 Bow Saw
32:01 Bodkin Arrow
33:38 Padded Archer Armor
33:54 Gold Mining
33:56 Stone Mining
35:06 Nomads
35:57 Leather Archer Armor
42:26 Imperial Age
40:23 Scale Barding Armor
41:12 Heavy Plow
41:22 Murder Holes
41:41 Fortified Wall
41:00 Light Cavalry
43:05 Wheelbarrow
43:59 Ballistics
44:31 Hussar
45:17 Bracer
45:43 Conscription
46:28 Chemistry
46:52 Iron Casting
46:38 Chain Barding Armor
49:57 Parthian Tactics
55:02 Blast Furnace
parla
13:02 Feudal Age
14:03 Double-Bit Axe
14:58 Stone Mining
15:00 Gold Mining
15:49 Wheelbarrow
22:12 Castle Age
24:09 Loom
24:02 Pikeman
26:47 Hand Cart
33:44 Ironclad
37:19 Imperial Age
35:29 Town Watch
35:56 Squires
35:42 Arson
35:43 Gambesons
37:53 Halberdier
38:38 Cavalier
39:35 Scale Barding Armor
41:39 Chain Barding Armor
42:34 Fletching
45:36 Bow Saw
48:24 Conscription
51:21 Elite Skirmisher
54:45 Man-at-Arms
Tomas18078
1:16 Loom
2:05 Loom
10:42 Feudal Age
11:37 Double-Bit Axe
11:37 Horse Collar
11:58 Town Watch
17:28 Castle Age
15:40 Horse Collar
18:03 Wheelbarrow
18:38 Bow Saw
21:17 Hand Cart
22:58 Heavy Plow
23:30 Stone Mining
23:43 Gold Mining
25:44 Bloodlines
25:34 Husbandry
28:17 Fletching
29:59 Marauders
31:44 Scale Barding Armor
31:14 Pikeman
38:16 Chain Barding Armor
42:33 Squires
42:49 Forging
50:34 Town Patrol
the naked man
0:36 Loom
0:50 Loom
13:36 Feudal Age
15:16 Fishing Lines
16:02 Double-Bit Axe
17:02 Bloodlines
21:40 Castle Age
20:27 Forging
24:23 Fletching
24:34 Padded Archer Armor
24:16 Horse Collar
24:50 Bow Saw
27:44 Gold Mining
27:44 Stone Mining
27:58 Heavy Plow
31:01 Bodkin Arrow
31:59 Ballistics
32:14 Husbandry
36:26 Wheelbarrow
35:38 Town Watch
40:10 Imperial Age
38:08 Leather Archer Armor
38:30 Iron Casting
39:27 Gillnets
39:47 Medium Warships
39:46 Murder Holes
40:02 Masonry
39:33 Treadmill Crane
40:04 Fortified Wall
41:23 Gambesons
40:59 Elite Varangian Guard
41:25 Arson
41:41 Squires
42:22 Bracer
42:53 Ring Archer Armor
42:25 Scale Mail Armor
43:30 Chemistry
46:33 Blast Furnace
45:48 Chain Mail Armor
45:42 Siege Engineers
47:41 Scale Barding Armor
47:05 Cranequins
53:19 Crop Rotation
52:51 Caravan
52:52 Capped Ram
54:08 Architecture
54:03 Hand Cart
57:10 Gothikon
58:12 Conscription
Lynx77
7:14 Loom
9:40 Feudal Age
12:27 Double-Bit Axe
13:10 Horse Collar
20:49 Castle Age
19:28 Bloodlines
19:26 Scale Barding Armor
21:02 Forging
22:06 Husbandry
22:45 Iron Casting
28:54 Chain Barding Armor
28:18 Light Cavalry
30:27 Bow Saw
30:21 Heavy Plow
38:05 Imperial Age
37:43 Wheelbarrow
37:08 Fletching
37:19 Padded Archer Armor
38:36 Bodkin Arrow
38:56 Leather Archer Armor
42:08 Elite Mangudai
43:42 Hoardings
45:02 Bracer
45:21 Capped Ram
47:19 Ballistics
48:00 Chemistry
46:47 Siege Ram
49:28 Conscription
55:10 Drill
55:57 Blast Furnace
54:19 Hussar
Lee
11:59 Feudal Age
17:05 Castle Age
14:56 Double-Bit Axe
15:22 Fishing Lines
15:39 Stone Mining
19:21 Gold Mining
21:13 Bow Saw
21:29 Horse Collar
26:07 Wheelbarrow
25:54 Heavy Plow
26:50 Ballistics
27:03 Loom
31:47 Hand Cart
34:35 Imperial Age
32:54 Padded Archer Armor
32:44 Fletching
33:56 Town Watch
35:17 Leather Archer Armor
34:57 Bodkin Arrow
35:43 Stone Shaft Mining
35:59 Conscription
35:40 Elite Conquistador
36:28 Town Patrol
37:07 Ring Archer Armor
36:37 Bracer
36:31 Gillnets
36:06 Elite Conquistador
38:05 Cavalier
38:53 Arrowslits
40:09 Chemistry
42:49 Light Cavalry
43:42 Bloodlines
49:38 Scale Mail Armor
49:43 Scale Barding Armor
chentao_1209
11:32 Feudal Age
16:24 Castle Age
14:17 Horse Collar
19:02 Wheelbarrow
26:28 Heavy Plow
29:42 Imperial Age
27:45 Hand Cart
27:39 Gold Mining
28:04 Double-Bit Axe
29:43 Bow Saw
29:13 Crossbowman
30:02 Thumb Ring
30:35 Shatagni
31:47 Chemistry
31:08 Ballistics
31:56 Two-Man Saw
32:10 Gold Shaft Mining
Connection lost

Rejoining the realm…

Still unreachable

The connection could not be restored.

Session expired

The server has moved on; the page needs a fresh start.